 Dungeon Crawl Stone Soup version 0.29-a0-422-gafbd6decc1 (webtiles) character file.

Game seed: 12628455023044743769

136 happo123 the Ruffian (level 4, -1/42 HPs)
             Began as a Troll Transmuter on May 19, 2022.
             Was an Initiate of the Shining One.
             Slain by a goblin
             ... wielding a +0 dagger
             ... led by Robin
              (5 damage)
             ... on level 2 of the Dungeon.
             The game lasted 00:05:36 (1305 turns).

happo123 the Ruffian (Troll Transmuter)             Turns: 1305, Time: 00:05:37

Health: -1/42      AC:  4    Str: 18    XL:     4   Next: 98%
Magic:  2/5        EV: 10    Int: 11    God:    the Shining One [......]
Gold:   26         SH:  0    Dex: 10    Spells: 3/6 levels left

rFire   . . .      SeeInvis .     - Unarmed
rCold   . . .      Faith    .   (no shield)
rNeg    . . .      Spirit   .   a - +0 robe
rPois   .          Reflect  .   (helmet currently unavailable)
rElec   .          Harm     .   (no cloak)
rCorr   .          Rampage  .   (gloves unavailable)
Will    .....                   (boots unavailable)
Stlth   +.........              (no amulet)
HPRegen 0.94/turn               (no ring)
MPRegen 0.09/turn               (no ring)

@: appendages (expiring), glowing
A: horns 2, talons 2, large, unfitting armour, claws 3, regeneration 1, shaggy
fur 1, tough skin 1
a: End Transformation, Renounce Religion


You were on level 2 of the Dungeon.
You worshipped the Shining One.
The Shining One was noncommittal.
You had temporarily grown beastly horns and talons.
You visited 1 branch of the dungeon, and saw 2 of its levels.

You collected 26 gold pieces.

Inventory:

Armour
 a - a +0 robe (worn)
Scrolls
 c - 2 scrolls of fog {unknown}
 e - a scroll of amnesia {unknown}
 f - a scroll of poison {unknown}
 h - a scroll of silence {unknown}
 i - a scroll of teleportation {unknown}
 k - a scroll of summoning {unknown}
Potions
 b - 3 potions of lignification
 d - 2 potions of flight {unknown}
 g - a potion of mutation {unknown}
 j - a potion of resistance {unknown}
 l - a potion of curing {unknown}
 m - a potion of heal wounds {unknown}


   Skills:
 + Level 1.8 Fighting
 + Level 2.3 Dodging
 + Level 3.6 Unarmed Combat
 + Level 1.8 Spellcasting
 + Level 2.1 Transmutations


You had 3 spell levels left.
You knew the following spells:

 Your Spells              Type           Power      Damage    Failure   Level
a - Beastly Appendage     Tmut           10%        N/A       13%         1
b - Wereblood             Tmut           5%         N/A       19%         2

Your spell library contained the following spells:

 Spells                   Type           Power      Damage    Failure   Level
 Spider Form              Tmut/Pois      3%         N/A       50%         3
 Ice Form                 Ice/Tmut       3%         N/A       88%         4


Dungeon Overview and Level Annotations

Branches:
Dungeon (2/15)

Altars:
The Shining One

Shops:
D:2 !(

Annotations:
D:2 Robin


Innate Abilities, Weirdness & Mutations

You have temporarily grown beastly horns and talons.
You are too large for most types of armour.
You have claws for hands.
Your natural rate of healing is unusually fast.
You are covered in fur. (AC +1)
You have tough skin. (AC +1)


Message History

The goblin hits you with a +0 club.
A goblin comes into view. It is wielding a +0 club.
You scratch the goblin.
You kill the goblin!
The rat twitches its whiskers.
The hobgoblin closely misses you. Robin throws the goblin at you!
The goblin completely misses you.
You completely miss the hobgoblin. Your kick misses the hobgoblin.
The goblin hits you with a +0 club. The hobgoblin hits you.
The hobgoblin hits you but does no damage.
The goblin hits you but does no damage. The goblin hits you with a +0 club.
You closely miss the hobgoblin. Your headbutt misses the hobgoblin.
The goblin hits you with a +0 club. The hobgoblin misses you.
The goblin hits you with a +0 dagger. The goblin closely misses you.
You claw the goblin!
You kill the goblin!
The goblin unwields a +0 dagger.
The goblin wields a +0 hunting sling.
The goblin shoots a sling bullet.
The sling bullet hits you.
The hobgoblin hits you but does no damage.
The hobgoblin completely misses you. The goblin barely misses you. x2
You claw the rat!
You kill the rat!
Your magical contamination has completely faded away.
The goblin attacks as you move away! The goblin hits you with a +0 club.
The hobgoblin hits you. x2; The goblin hits you with a +0 dagger.
The goblin unwields a +0 hunting sling.
The goblin wields a +0 dagger.
The goblin hits you but does no damage.
Things that are here:
a +0 club; a +0 club; a goblin corpse You claw Robin!
Your kick misses Robin.
Robin is heavily wounded.
Robin closely misses you. The goblin hits you but does no damage.
The hobgoblin hits you.
* * * LOW HITPOINT WARNING * * *
The goblin hits you with a +0 dagger.
* * * LOW HITPOINT WARNING * * *
The goblin hits you with a +0 dagger.
* * * LOW HITPOINT WARNING * * *
The hobgoblin closely misses you. The goblin hits you with a +0 dagger.
You die...

...............# ##.#
............#..###.# #'#
............#......# #
#.#
............##.#####.###
###.###
.##.........##>..###....
+..∩..'
>##.....†...............
###.###
.#######........g.......
#.# .# #.......ggg...###
#+# .# #.......g@g...#
.# #........gg.....# ##
.........g......# ###...
................# .<.∩.8
.....###......... ###...
... #......... ..
##(....... #........


You could see Robin, 2 hobgoblins and 6 goblins.

Vanquished Creatures
  A scorpion (D:2)
  Terence (D:2)
  3 dart slugs
  8 ball pythons
  2 bats
  2 endoplasms (D:1)
  4 giant cockroaches
  A hobgoblin (D:1)
  4 jackals (D:1)
  4 kobolds
  2 quokkas
  3 frilled lizards
  5 goblins
  7 rats
47 creatures vanquished.

Notes
Turn   | Place    | Note
-------+----------+-------------------------------------------
     0 | D:1      | happo123 the Troll Transmuter began the quest for the Orb.
     0 | D:1      | Reached XP level 1. HP: 18/18 MP: 1/1
    43 | D:1      | Reached skill level 1 in Fighting
   114 | D:1      | Reached XP level 2. HP: 27/27 MP: 3/3
   324 | D:1      | Reached XP level 3. HP: 30/33 MP: 4/4
   971 | D:2      | Learned a level 2 spell: Wereblood
   974 | D:2      | Found a glowing golden altar of the Shining One.
   992 | D:2      | Became a worshipper of the Shining One
  1031 | D:2      | Noticed a scorpion
  1036 | D:2      | Killed a scorpion
  1037 | D:2      | Reached XP level 4. HP: 41/41 MP: 3/5
  1133 | D:2      | Found Saoh Ekk's Weapon Boutique.
  1141 | D:2      | Found a faded altar of an unknown god.
  1153 | D:2      | Noticed Terence
  1159 | D:2      | Killed Terence
  1199 | D:2      | Found Igoll's Distillery.
  1295 | D:2      | Noticed Robin
  1305 | D:2      | Slain by a goblin

Illustrated notes

Levels and vault maps discovered:
D:1:      dpeg_arrival_brainrot, layout_basic
D:2:      layout_basic, hellmonk_ecumenical_altar_arch_garden, basic_altar,
          serial_shops, nicolae_shop_hallway_plus, shop, shop_fountains,
          shop_statue, kennysheep_generic_room_2, uniq_terence, uniq_robin

Skill      XL: |  1  2  3  4 |
---------------+-------------+-----
Fighting       | 1 |  1.8
Dodging        | 2 |  2.3
Transmutations | 2 |  2.1
Unarmed Combat | |  3.6
Spellcasting   | |  1.8

Action                   |  1- 3 |  4- 6 || total
-------------------------+-------+-------++-------
Melee: Unarmed           |    56 |    28 ||    84
       Kick              |     4 |     2 ||     6
       Headbutt          |     3 |     2 ||     5
 Cast: Beastly Appendage |     3 |     2 ||     5
Armor: Robe              |    18 |    15 ||    33
Dodge: Dodged            |    32 |    18 ||    50

Table legend: (Time is in decaauts)
 A = Elapsed time spent in this place.
 B = Non-inter-level travel time spent in this place.
 C = Inter-level travel time spent in this place.
 D = Time resting spent in this place.
 E = Time spent auto-exploring this place.
 F = Levels seen in this place.
 G = Mean time per level.
                   A        B        C        D        E       F      G
               +--------+--------+--------+--------+--------+-----+--------+
         Total |   1299 |   1175 |    124 |      0 |    938 |   2 |  649.5 |
       Dungeon |   1299 |   1175 |    124 |      0 |    938 |   2 |  649.5 |
               +--------+--------+--------+--------+--------+-----+--------+

Top non-repeatable levels by time:
     D:1: 964 daAuts
     D:2: 335 daAuts
